Map: 2000 Atmospheres LE

Players

barcode - Winner!

  • Race: Zerg Zerg
  • League: Master
  • Spawn Location: 3:00

Warthog

  • Race: Terran Terran
  • League: Master
  • Spawn Location: 7:00

VOD

Have the link to the VOD?

Description

Time

  • Played on: Jan. 4, 2022, 7:18 p.m.
  • Length: 20:14
Show
View Real Time Build Order
Export as new Build Order

barcode Zerg - Winner!

Build Orders: Hatch First 

Get SALT Encoding   

  12  0:00  Drone  
  13  0:13  Overlord  
  13  0:17  Drone  
  14  0:31  Drone x2  
  16  0:48  Hatchery  
  15  0:50  Drone  
  15  0:54  Drone  
  17  0:57  Drone  
  18  1:08  Extractor  
  17  1:12  Spawning Pool  
  17  1:16  Drone  
  17  1:19  Drone  
  18  1:28  Drone  
  20  1:40  Drone  
  20  1:50  Drone  
  21  1:59  Queen  
  21  2:00  Queen  
  25  2:02  Zergling x4  
  27  2:11  Overlord  
  27  2:12  Drone  
  28  2:20  Hatchery  
  27  2:24  Drone  
  28  2:30  Drone  
  28  2:35  Drone x2  
  31  2:45  Overlord  
  31  2:46  Drone  
  31  2:48  Queen  
  34  2:52  Metabolic Boost  
  34  2:56  Drone  
  34  2:57  Drone  
  36  3:08  Drone x2  
  38  3:15  Drone x2  
  38  3:16  Queen, Drone x2  
  44  3:23  Overlord  
  44  3:26  Overlord  
  44  3:33  Queen  
  46  3:34  Queen  
  46  3:39  Drone x2  
  50  3:44  Overlord  
  50  3:45  Drone x2  
  52  3:50  Zergling x8  
  52  3:53  Drone  
  57  3:58  Drone  
  58  4:04  Drone x2  
  58  4:06  Overlord  
  58  4:08  Drone x2  
  62  4:16  Drone x3  
  65  4:18  Baneling Nest, Queen  
  65  4:19  Overlord x2  
  66  4:25  Queen  
  66  4:29  Overlord  
  68  4:31  Drone x3  
  68  4:35  Overlord  
  71  4:40  Drone x2  
  71  4:43  Spore Crawler x2  
  71  4:45  Spore Crawler  
  70  4:49  Drone x6  
  74  4:55  Drone x3  
  74  5:08  Drone x5  
  74  5:11  Drone  
  74  5:13  Lair, Drone  
  78  5:28  Drone x6  
  84  5:33  Extractor  
  83  5:36  Extractor  
  83  5:37  Drone x3  
  83  5:38  Hatchery, Extractor  
  83  5:40  Evolution Chamber  
  83  5:42  Overlord, Evolution Chamber  
  82  5:43  Drone  
  82  5:47  Zergling x2  
  83  5:55  Zergling x4  
  85  6:00  Extractor  
  85  6:01  Extractor  
  85  6:03  Zergling x8, Roach Warren  
  86  6:10  Overlord  
  86  6:13  Drone x3  
  86  6:14  Drone  
  86  6:17  Drone  
  86  6:18  Drone  
  92  6:22  Overlord  
  92  6:28  Infestation Pit, Drone x6  
  92  6:30  Centrifugal Hooks, Zerg Missile Weapons Level 1, Zerg Melee Weapons Level 1  
  97  6:37  Drone  
  97  6:38  Drone x6  
  103  6:43  Overlord  
  103  6:46  Hatchery  
  103  6:47  Drone  
  102  6:55  Drone x4  
  103  7:05  Drone x6  
  108  7:16  Overlord  
  108  7:17  Roach  
  108  7:18  Roach x2  
  108  7:21  Hive  
  114  7:23  Hatchery  
  114  7:26  Overlord x2, Extractor x2  
  114  7:27  Drone  
  114  7:29  Baneling x5  
  112  7:30  Baneling x3  
  112  7:31  Overlord  
  107  7:38  Drone x4  
  107  7:42  Drone x2  
  103  7:44  Drone  
  103  7:51  Overlord  
  100  7:57  Ravager x3  
  100  7:58  Roach x12  
  127  8:08  Drone x4  
  127  8:09  Drone  
  127  8:10  Drone  
  133  8:14  Drone  
  133  8:18  Glial Reconstitution  
  132  8:21  Zergling x8  
  132  8:22  Zergling x2  
  132  8:25  Zergling x18  
  145  8:33  Zerg Melee Weapons Level 2, Zerg Missile Weapons Level 2  
  145  8:35  Adrenal Glands  
  145  8:38  Hatchery  
  145  8:39  Zergling x10  
  149  8:47  Ravager x7  
  149  8:48  Ravager x2, Overlord  
  157  8:49  Hatchery  
  157  8:50  Zergling x2  
  157  8:53  Overlord x2  
  157  8:55  Baneling x8  
  157  8:56  Baneling  
  157  8:58  Overlord x2  
  157  9:08  Overlord  
  157  9:13  Zergling x12  
  157  9:14  Zergling x22  
  168  9:26  Zergling x22  
  168  9:27  Zergling x6  
  168  9:29  Ravager x3  
  185  9:33  Baneling  
  185  9:34  Baneling x10  
  185  9:42  Zergling x16  
  193  9:50  Hatchery  
  182  10:05  Zergling x32  
  188  10:15  Zergling x14  
  179  10:25  Zergling x24  
  171  10:35  Roach x4  
  150  10:48  Drone x11  
  161  10:52  Baneling x18  
  161  10:53  Roach x2  
  161  10:54  Hatchery  
  159  11:05  Zergling x22  
  159  11:10  Ravager x4  
  170  11:13  Zerg Melee Weapons Level 3  
  168  11:22  Zerg Missile Weapons Level 3  
  147  11:34  Baneling x4  
  147  11:35  Baneling, Roach x12  
  147  11:38  Zergling x6  
  174  11:43  Ravager x2  
  174  11:44  Baneling x12  
  176  11:49  Zergling x12  
  182  11:56  Drone x2  
  182  11:57  Drone x3  
  182  11:59  Ravager x12  
  198  12:10  Zergling x4  
  198  12:11  Zergling x4  
  188  12:37  Zergling x2  
  188  12:38  Zergling x24  
  183  12:50  Zergling x42  
  191  13:04  Baneling  
  191  13:05  Baneling x29  
  190  13:06  Zergling x6, Roach x3  
  199  13:17  Extractor x2  
  199  13:18  Drone x2  
  199  13:24  Burrow  
  196  13:48  Zergling x16  
  198  14:18  Overseer  
  143  14:34  Zergling x48, Roach x7  
  149  14:45  Overseer  
  149  14:46  Overseer  
  149  14:47  Spire  
  149  14:49  Baneling x2  
  149  14:50  Drone x16  
  149  14:51  Drone x5  
  162  14:56  Drone x10  
  161  15:05  Spore Crawler  
  152  15:14  Drone x8  
  152  15:17  Ravager x5  
  152  15:18  Ravager x2  
  165  15:27  Zergling x14, Roach x6  
  184  15:35  Zergling x12  
  160  15:48  Roach x7  
  150  15:58  Roach x5  
  150  15:59  Roach x2  
  150  16:01  Baneling x23, Ravager x4  
  150  16:02  Ravager x2  
  150  16:03  Roach x6  
  173  16:10  Roach  
  154  16:24  Zergling x40  
  154  16:25  Zergling x2  
  151  16:34  Zergling x6  
  151  16:35  Zergling x6  
  154  16:41  Ravager x3  
  154  16:42  Ravager x8  
  154  16:45  Zergling x12  
  155  16:57  Zergling x18  
  150  17:09  Zergling x14  
  150  17:14  Zergling x2  
  119  17:20  Roach  
  119  17:21  Roach x12  
  118  17:32  Roach x6  
  127  17:45  Drone x3  
  127  17:46  Hatchery  
  127  17:49  Drone x12  
  127  17:50  Drone  
  135  17:59  Zergling x10  
  135  18:05  Zergling x6  
  142  18:12  Zergling x8  
  140  18:29  Zergling x22  
  139  18:52  Hatchery  
  139  18:53  Zergling x28  
  146  19:01  Drone x4  
  145  19:05  Hatchery  
  145  19:08  Drone x5  
  134  19:14  Zergling x6  
  130  19:28  Drone x11  
  129  19:54  Roach  
  129  19:55  Zergling x12, Roach x6  
Show
View Real Time Build Order
Export as new Build Order

Warthog Terran 

Build Orders: Liberator Opening, Reaper Expand 

Get SALT Encoding   

  12  0:00  SCV  
  13  0:13  SCV  
  14  0:17  Supply Depot  
  14  0:25  SCV  
  15  0:38  SCV  
  15  0:40  Barracks  
  16  0:44  Refinery  
  16  0:51  SCV  
  17  1:03  SCV  
  18  1:15  SCV  
  19  1:27  Orbital Command  
  19  1:28  Reaper  
  20  1:38  Command Center  
  20  1:49  Supply Depot  
  20  1:53  SCV  
  21  2:00  Marine  
  22  2:04  Factory  
  22  2:08  SCV  
  22  2:15  Refinery  
  23  2:20  SCV  
  23  2:22  Barracks Reactor  
  24  2:32  SCV  
  25  2:45  SCV  
  26  2:55  Orbital Command  
  26  3:00  Starport  
  26  3:03  SCV  
  31  3:05  Hellion x2  
  31  3:06  Barracks Tech Lab  
  31  3:15  SCV  
  32  3:21  SCV  
  32  3:27  Hellion x2, SCV  
  37  3:33  SCV  
  39  3:38  Liberator  
  42  3:41  Supply Depot  
  42  3:42  SCV  
  42  3:45  SCV  
  44  3:49  Hellion  
  46  4:03  SCV x2, Hellion  
  50  4:13  Command Center  
  50  4:15  Supply Depot, SCV x2  
  54  4:17  Hellion  
  54  4:36  SCV x2  
  56  4:42  Viking  
  58  4:48  Refinery x2  
  58  4:49  SCV x2  
  58  4:50  Factory  
  60  4:54  Supply Depot, Factory  
  60  5:01  SCV x2  
  62  5:13  SCV x2  
  57  5:17  Hellion x2  
  56  5:24  Liberator  
  56  5:25  SCV x2  
  61  5:28  Armory  
  61  5:30  Armory, Orbital Command  
  61  5:37  SCV  
  61  5:38  Factory Tech Lab, Factory  
  61  5:39  Factory  
  62  5:45  SCV  
  62  5:49  SCV  
  64  5:55  Infernal Pre-Igniter  
  64  5:56  Cyclone  
  67  5:57  SCV  
  67  5:58  Hellion x3, Orbital Command  
  67  6:03  SCV  
  75  6:09  Supply Depot x2, SCV  
  75  6:11  Supply Depot  
  76  6:15  SCV  
  77  6:21  Cyclone, SCV  
  77  6:22  Mag-Field Accelerator  
  77  6:23  Hellion, SCV  
  84  6:27  SCV  
  85  6:33  SCV  
  85  6:36  SCV, Refinery  
  85  6:38  Refinery  
  87  6:40  Factory Tech Lab x2  
  87  6:42  Factory Reactor  
  87  6:43  Terran Vehicle Weapons Level 1, Terran Vehicle And Ship Armor Level 1  
  87  6:44  Hellion, SCV  
  91  6:47  SCV  
  91  6:48  SCV  
  91  6:49  Supply Depot x2  
  89  6:56  SCV  
  89  6:59  SCV  
  89  7:00  SCV  
  92  7:09  Hellion  
  92  7:10  Cyclone, Hellion x3  
  100  7:17  SCV x2  
  100  7:22  Supply Depot  
  102  7:24  Supply Depot  
  102  7:26  Engineering Bay  
  102  7:42  Cyclone, Hellion x3  
  109  7:49  SCV  
  109  7:50  Supply Depot  
  104  7:52  Supply Depot, Cyclone  
  104  7:55  Cyclone  
  110  7:59  SCV  
  110  8:04  SCV x2  
  113  8:09  Factory  
  113  8:12  SCV  
  114  8:13  Factory  
  114  8:14  Supply Depot, Siege Tank  
  114  8:16  Supply Depot  
  114  8:17  Factory  
  115  8:22  Hellion  
  115  8:24  Siege Tank  
  123  8:27  Cyclone  
  121  8:34  SCV  
  121  8:38  Terran Vehicle Weapons Level 2  
  121  8:41  Hellion x3  
  128  8:43  Hellion  
  128  8:46  Refinery, Siege Tank  
  133  8:49  Command Center  
  133  8:50  Refinery  
  133  8:52  Starport Tech Lab  
  133  8:57  Siege Tank  
  133  8:59  Siege Tank  
  139  9:07  Hellion x3  
  145  9:14  Smart Servos  
  145  9:16  Hellion  
  141  9:17  Factory Tech Lab x2  
  141  9:18  Siege Tank  
  141  9:19  Factory Tech Lab  
  141  9:21  SCV x3  
  145  9:29  Hellion, Siege Tank  
  145  9:31  Siege Tank  
  153  9:36  Siege Tank  
  156  9:39  Terran Vehicle And Ship Armor Level 2  
  156  9:41  Hellion x3  
  162  9:48  Siege Tank  
  162  9:51  Siege Tank  
  168  10:00  SCV x3  
  168  10:01  Siege Tank  
  168  10:06  Hellion x2, Siege Tank  
  171  10:07  Supply Depot x2  
  171  10:12  SCV x2  
  171  10:13  SCV, Missile Turret  
  172  10:18  Missile Turret  
  160  10:22  Missile Turret  
  129  10:30  Hellion x2  
  129  10:35  Cyclone, Siege Tank x2  
  107  10:43  Hellion x2  
  107  10:45  SCV x2  
  113  10:50  Planetary Fortress  
  113  10:51  Factory Tech Lab  
  113  10:55  Siege Tank  
  116  11:01  Hellion x2  
  116  11:11  Thor  
  117  11:16  Thor  
  125  11:18  Widow Mine  
  125  11:25  Thor  
  131  11:30  SCV x2  
  123  11:39  SCV x2  
  125  11:41  Banshee  
  125  11:43  Siege Tank  
  125  11:46  Factory Tech Lab  
  129  11:48  SCV  
  129  11:52  Terran Vehicle Weapons Level 3  
  130  11:56  Terran Vehicle And Ship Armor Level 3  
  130  11:59  Cyclone  
  133  12:18  Supply Depot  
  133  12:22  SCV x4  
  137  12:26  Banshee  
  137  12:27  Siege Tank x2  
  146  12:34  SCV x4  
  142  12:45  Siege Tank x2  
  142  12:46  SCV x2  
  141  12:51  Siege Tank  
  144  12:59  Factory Tech Lab, Siege Tank  
  144  13:05  Hellion x2  
  148  13:08  Banshee  
  151  13:19  Supply Depot  
  151  13:20  Supply Depot  
  151  13:21  Supply Depot  
  151  13:33  Hellion  
  151  13:34  Hellion  
  155  13:36  Cyclone, Hellion  
  155  13:37  Cyclone  
  163  13:52  Siege Tank  
  163  13:53  Siege Tank  
  169  13:58  Cyclone x2  
  175  14:09  Cyclone x2  
  177  14:24  Cyclone, Hellion  
  180  14:25  Cyclone  
  180  14:30  Cyclone  
  158  14:32  Command Center  
  158  14:35  Command Center  
  158  14:36  Command Center  
  158  14:41  Siege Tank x2  
  158  14:44  Hellion  
  166  14:56  Siege Tank  
  166  14:57  Siege Tank  
  166  15:02  Siege Tank  
  167  15:09  SCV  
  167  15:13  Cyclone, Siege Tank  
  171  15:24  Command Center  
  171  15:26  Command Center  
  171  15:31  Hellion x2  
  175  15:40  Hellion x2  
  173  15:44  Hellion  
  173  15:47  Hellion  
  171  16:01  Cyclone x2, Hellion x2  
  178  16:13  Cyclone, Hellion x2  
  174  16:23  Hellbat  
  174  16:24  Cyclone  
  174  16:25  Hellion x2  
  161  16:35  Hellion x3  
  160  16:42  Hellion  
  160  16:45  Cyclone  
  165  16:48  Hellion  
  166  16:54  Orbital Command  
  166  17:07  Refinery  
  163  17:09  Refinery  
  109  17:27  SCV  
  96  17:45  Cyclone x2, Hellion x2, Siege Tank x2  
  96  17:46  Refinery  
  96  17:49  Refinery  
  110  17:57  Cyclone, Hellion  
  104  18:13  Planetary Fortress  
  104  18:17  Cyclone  
  104  18:18  Siege Tank  
  104  18:19  Siege Tank x2  
  109  18:29  Siege Tank  
  112  18:37  Viking  
  104  18:45  SCV x2  
  101  18:49  Siege Tank  
  101  18:51  Siege Tank x2  
  101  18:53  Hellion  
  108  19:01  Hellion  
  99  19:02  Hellion  
  99  19:07  Banshee  
  83  19:20  Orbital Command  
  83  19:21  Siege Tank  
  83  19:23  Siege Tank x2  
  78  19:50  Hellion  
Tags
 
Add a new tag
Caveats
  • Supply blocks, unpowered buildings, or Contaminate may cause inaccurate times.
  • Supply counts are checked every 10 seconds.